 Dungeon Crawl Stone Soup version 0.15.2 (webtiles) character file.

16349 Heini the Bludgeoner (level 12, 0/115 HPs)
             Began as a Minotaur Fighter on Feb 6, 2015.
             Was a High Priest of Okawaru.
             Slain by a polar bear (13 damage)
             ... in an ice cave.
             The game lasted 00:31:46 (11018 turns).

Heini the Bludgeoner (Minotaur Fighter)            Turns: 11018, Time: 00:31:47

HP   0/115       AC 24     Str 26      XL: 12   Next:  9%
MP   4/5         EV  7     Int  5      God: Okawaru [*****.]
Gold 642         SH 11     Dex 10      Spells:  0 memorised, 11 levels left

rFire  . . .     SeeInvis .     D - +1 morningstar
rCold  . . .     Clarity  .     L - +0 storm dragon armour
rNeg   + . .     rCorr    .     M - +0 shield {rN+}
rPois  .         rRot     .     V - +1 hat
rElec  +         Spirit   .     P - +0 cloak
SustAb .         Warding  .     s - +0 pair of gloves
rMut   .         Stasis   .     N - +0 pair of boots
Gourm  .                        (no amulet)
MR     .....                    (no ring)
                                (no ring)

@: exhausted, heroism, slowed, very slow, not resistant to hostile enchantments,
extremely unstealthy
A: retaliatory headbutt, horns 2
a: Heroism, Finesse, Renounce Religion


You were in an ice cave.
You worshipped Okawaru.
Okawaru was extremely pleased with you.
You were very hungry.

You visited 3 branches of the dungeon, and saw 14 of its levels.
You also visited: Ice Cave.

You collected 642 gold pieces.

Inventory:

Hand weapons
 i - a +3 antimagic flail
 D - a +1 morningstar (weapon)
Armour
 s - a +0 pair of gloves (worn)
 L - a +0 storm dragon armour (worn)
 M - a +0 shield of positive energy (worn)
 N - a +0 pair of boots (worn)
 P - a +0 cloak (worn)
 V - a +1 hat (worn)
Magical devices
 c - a wand of magic darts (8) {unknown}
 h - a wand of slowing (15)
 v - a wand of frost (10)
 y - a wand of cold (3) {unknown}
 H - a wand of fireball (4) {unknown}
 J - a wand of magic darts (6) {unknown}
 S - a wand of disintegration (9) {unknown}
Comestibles
 b - a beef jerky
 d - 10 bread rations
 k - a royal jelly
 n - 6 meat rations
 r - 4 rotting chunks of yak flesh
 w - 5 chunks of yak flesh
 K - 3 fruits
 R - a slice of pizza
Scrolls
 e - a scroll of fear
 l - 2 scrolls of magic mapping
 m - a scroll of fog
 o - 8 scrolls of remove curse
 B - a scroll of amnesia
 E - 2 scrolls of enchant weapon
 I - a scroll of silence
 Q - a scroll of identify
 T - a scroll of recharging
 U - a scroll of enchant armour
Jewellery
 f - an uncursed ring of sustain abilities {unknown}
 t - a cursed -6 ring of dexterity {unknown}
Potions
 a - a potion of degeneration {unknown}
 g - 3 potions of haste
 j - 3 potions of resistance
 p - 2 potions of curing
 q - 2 potions of restore abilities {unknown}
 u - 3 potions of brilliance
 x - a potion of berserk rage
 z - 2 potions of cure mutation
 A - 2 potions of poison
 F - 2 potions of invisibility
 G - 2 potions of agility {unknown}


   Skills:
 * Level 13.1(18.1) Fighting
 * Level 15.3(20.3) Maces & Flails
 * Level 12.1(17.1) Armour
 - Level 3.6(8.6) Shields


You had 11 spell levels left.
You didn't know any spells.

Dungeon Overview and Level Annotations

Branches:
Dungeon (11/15)            Temple (1/1) D:4             Orc (0/4) D:11
   Lair (2/8) D:11

Altars:
Ashenzari
Cheibriados
Dithmenos
Elyvilon
Fedhas
Kikubaaqudgha
Makhleb
Nemelex Xobeh
Okawaru
Qazlal
Sif Muna
Trog
Vehumet
Xom
Yredelemnul
Zin
The Shining One

Annotations:
Lair:1 exclusion: oklob plant


Innate Abilities, Weirdness & Mutations

You reflexively headbutt those who attack you in melee.
You have a pair of horns on your head.


Message History

The polar bear claws you.
* * * LOW HITPOINT WARNING * * *
You feel your anger subside.
You are feeling hungry.
You catch the helpless polar bear completely off-guard!
You skewer the polar bear like a kebab!!!
You kill the polar bear!
Okawaru accepts your kill. Something appears at your feet!
Okawaru grants you a gift!
You closely miss the polar bear.
You are no longer berserk.
You are exhausted.
You feel yourself slow down.
You are feeling very hungry.
The polar bear bites you but does no damage.
The polar bear claws you but does no damage. x2
The polar bear bites you but does no damage.
You block the polar bear's attack. The polar bear barely misses you.
The polar bear bites you!
You die...

. ... #### .....
##..###### #.....
##....##..##
###...#..
#..........###......#
#.∩.∩....@hh#.h.....#
#.......##.Yh.##....#
##....#####h.## ....#
##..## #### ...# ####
..# .


You could see 3 polar bears, a yak and a wolf.

Vanquished Creatures
  Gastronok (D:10)
  A yaktaur captain (D:10)
  6 hill giants
  An unseen horror (D:11)
  2 cyclopes (D:11)
  Joseph (D:7)
  A spiny frog (Lair:1)
  2 komodo dragons (Lair:1)
  A troll (D:10)
  Grinder (D:6)
  2 polar bears (IceCv)
  A deep elf mage (D:9)
  A spriggan (D:8)
  A shadow (D:11)
  Eustachio (D:9)
  6 yaks
  4 hippogriffs
  A steam dragon (D:10)
  Menkaure (D:5)
  3 wolves (IceCv)
  13 ice beasts
  A necrophage (D:9)
  2 porcupines (Lair:1)
  5 orc warriors
  3 water moccasins
  2 sky beasts
  A phantom (D:10)
  4 centaurs
  3 giant frogs
  2 ogres
  Sigmund (D:6)
  2 big kobolds
  A crocodile (Lair:1)
  A cyclops zombie (D:8)
  2 yak zombies
  10 killer bees (D:10)
  2 scorpions
  3 wights (D:10)
  An electric eel (D:9)
  A yak skeleton (D:9)
  8 crimson imps
  A goliath beetle (D:9)
  A gnoll shaman (D:6)
  4 jellies
  A giant frog zombie (D:8)
  4 hounds
  7 orc priests
  2 iguanas
  3 worker ants
  A centaur skeleton (D:4)
  Natasha (thrice) (D:6)
  8 orc wizards
  2 sheep (D:11)
  Ijyb (D:6)
  Jessica (D:2)
  An ogre skeleton (D:5)
  Terence (D:2)
  A mummy (D:9)
  9 green rats
  21 adders
  10 gnolls
  2 shadow imps
  A giant mite (D:2)
  An inept item mimic (D:9)
  A worm (D:5)
  An adder zombie (D:6)
  3 giant geckos
  30 orcs
  2 ball pythons
  8 bats
  7 giant cockroaches
  15 goblins
  21 hobgoblins
  10 jackals
  31 kobolds
  3 quokkas
  A giant gecko skeleton (D:6)
  4 giant newts
  A giant spore (D:10)
  A goblin skeleton (D:4)
  An orc skeleton (D:7)
  18 rats
  A rat skeleton (D:4)
  7 ballistomycetes
  3 fungi (Lair:1)
361 creatures vanquished.

Vanquished Creatures (others)
  A giant spore (D:11)
1 creature vanquished.

Grand Total: 362 creatures vanquished

Notes
Turn   | Place    | Note
--------------------------------------------------------------
     0 | D:1      | Heini, the Minotaur Fighter, began the quest for the Orb.
     0 | D:1      | Reached XP level 1. HP: 19/19 MP: 1/1
    70 | D:1      | Reached skill level 4 in Armour
   114 | D:1      | Reached XP level 2. HP: 18/27 MP: 1/1
   261 | D:1      | Reached XP level 3. HP: 20/33 MP: 2/2
   627 | D:2      | Noticed Jessica
   634 | D:2      | Killed Jessica
   634 | D:2      | Reached XP level 4. HP: 33/41 MP: 2/2
   701 | D:2      | Reached skill level 5 in Armour
   830 | D:2      | Noticed Terence
   843 | D:2      | Killed Terence
   853 | D:2      | Reached skill level 5 in Fighting
  1099 | D:2      | Reached XP level 5. HP: 43/48 MP: 2/2
  1246 | D:3      | Found a snail-covered altar of Cheibriados.
  1615 | D:4      | Noticed an ogre
  1631 | D:4      | Killed an ogre
  1631 | D:4      | Reached XP level 6. HP: 54/56 MP: 3/3
  1755 | D:4      | Got a crude ring mail
  1801 | D:4      | Identified the +2 ring mail of Mabeidad {Str+1 Int+3} (You found it on level 4 of the Dungeon)
  1838 | D:4      | Reached skill level 6 in Armour
  1955 | D:4      | Found a staircase to the Ecumenical Temple.
  1971 | Temple   | Entered the Ecumenical Temple
  1981 | Temple   | Became a worshipper of Warmaster Okawaru
  2199 | D:4      | Reached skill level 5 in Maces & Flails
  2933 | D:5      | Entered Level 5 of the Dungeon
  2981 | D:5      | Found a burning altar of Makhleb.
  3048 | D:5      | Found a shadowy altar of Dithmenos.
  3249 | D:5      | Reached XP level 7. HP: 16/63 MP: 3/3
  3438 | D:5      | Noticed Menkaure
  3445 | D:5      | Killed Menkaure
  3445 | D:5      | Acquired Okawaru's first power
  3648 | D:5      | Found a basalt altar of Yredelemnul.
  3714 | D:5      | Reached skill level 7 in Armour
  4182 | D:6      | Noticed Grinder
  4186 | D:6      | Paralysed by Grinder for 2 turns
  4195 | D:6      | Killed Grinder
  4195 | D:6      | Reached XP level 8. HP: 37/73 MP: 3/3
  4364 | D:6      | Noticed Natasha
  4370 | D:6      | Killed Natasha
  4393 | D:6      | Noticed Natasha
  4396 | D:6      | Killed Natasha
  4464 | D:6      | Noticed Natasha
  4472 | D:6      | Reached skill level 8 in Maces & Flails
  4473 | D:6      | Killed Natasha
  4775 | D:6      | Noticed Sigmund
  4776 | D:6      | Noticed Ijyb
  4783 | D:6      | Killed Sigmund
  4786 | D:6      | Killed Ijyb
  4974 | D:7      | Reached skill level 9 in Maces & Flails
  5161 | D:7      | Reached XP level 9. HP: 75/82 MP: 4/4
  5313 | D:7      | Noticed Joseph
  5333 | D:7      | Killed Joseph
  5732 | D:8      | Reached skill level 10 in Maces & Flails
  6121 | D:8      | Found a stormy altar of Qazlal.
  6421 | D:8      | Reached skill level 10 in Fighting
  6428 | D:8      | Reached skill level 11 in Maces & Flails
  6660 | D:9      | Reached XP level 10. HP: 68/93 MP: 4/4
  7024 | D:9      | Noticed Eustachio
  7051 | D:9      | Killed Eustachio
  7094 | D:9      | Reached skill level 12 in Maces & Flails
  7354 | D:9      | Noticed a yaktaur captain
  7561 | D:10     | Entered Level 10 of the Dungeon
  7615 | D:10     | Noticed a hill giant
  7621 | D:10     | Killed a hill giant
  8216 | D:10     | Noticed Gastronok
  8241 | D:10     | Killed Gastronok
  8241 | D:10     | Acquired Okawaru's second power
  8241 | D:10     | Reached skill level 13 in Maces & Flails
  8241 | D:10     | Reached skill level 10 in Armour
  8302 | D:10     | Noticed a hill giant
  8310 | D:10     | Killed a hill giant
  8365 | D:10     | Reached XP level 11. HP: 43/104 MP: 1/4
  8795 | D:10     | Killed a yaktaur captain
  8797 | D:10     | Received a gift from Okawaru
  8888 | D:11     | Noticed a hill giant
  8900 | D:11     | Killed a hill giant
  9198 | D:11     | Found a staircase to the Lair.
  9293 | D:11     | Noticed a hill giant
  9298 | D:11     | Reached skill level 14 in Maces & Flails
  9301 | D:11     | Killed a hill giant
  9577 | D:11     | Found a staircase to the Orcish Mines.
  9630 | D:11     | Noticed a hill giant
  9639 | D:11     | Killed a hill giant
  9866 | D:11     | Noticed a hill giant
  9874 | D:11     | Killed a hill giant
  9916 | D:11     | Killed an unseen horror
 10247 | Lair:1   | Entered Level 1 of the Lair of Beasts
 10278 | Lair:1   | Received a gift from Okawaru
 10420 | Lair:1   | Found a blossoming altar of Fedhas.
 10748 | Lair:1   | Reached skill level 15 in Maces & Flails
 10921 | Lair:2   | Found a frozen archway.
 10957 | Lair:2   | Reached XP level 12. HP: 100/113 MP: 5/5
 10962 | IceCv    | Entered an ice cave
 11016 | IceCv    | Received a gift from Okawaru
 11018 | IceCv    | Slain by a polar bear

Action                   |  1- 3 |  4- 6 |  7- 9 | 10-12 || total
-------------------------+-------+-------+-------+-------++-------
Melee: Flail             |   125 |   219 |   341 |   254 ||   939
       Morningstar       |       |       |       |   294 ||   294
Invok: Heroism           |       |       |       |     1 ||     1
Evoke: Wand              |       |       |       |     1 ||     1
  Use: Scroll            |       |     4 |    11 |    13 ||    28
       Potion            |       |       |     2 |     5 ||     7
 Stab: Fleeing           |       |       |       |     1 ||     1
  Eat: Chunk             |       |     8 |    11 |    13 ||    32
       Beef jerky        |       |       |       |     1 ||     1
